 Dungeon Crawl Stone Soup version 0.31.0-11-ge490571c62 (webtiles) character file.

Game seed: 14995736085856863709

64 RustandSilver the Ducker (level 3, -3/30 HPs)
             Began as a Felid Berserker on Jan 27, 2024.
             Was a Believer of Trog.
             Slain by a ribbon worm (6 damage)
             ... on level 2 of the Dungeon.
             The game lasted 00:03:11 (1258 turns).

RustandSilver the Ducker (Felid Berserker)          Turns: 1258, Time: 00:03:12

Health: -3/30      AC:  1    Str: 15    XL:     3   Next: 91%
Magic:  4/4        EV: 19    Int: 10    God:    Trog [**....]
Gold:   62         SH:  0    Dex: 15    Spells: 2/2 levels left
                                        Lives:  0   Deaths: 1

rFire   . .          .
                       - Unarmed
rCold   . . .        (shield unavailable)
rNeg    . . .        (body armour unavailable)
rPois   .            (helmet unavailable)
rElec   .            (cloak unavailable)
rCorr   .            (gloves unavailable)
SInv    +            (boots unavailable)
Will    .....        (no amulet) Stlth
                     (no ring)
HPRegen 0.25/turn    (no ring)
MPRegen 0.09/turn

%: no passive effects
@: berserking, very quick
A: very small, claws 1, fangs 3, see invisible, shaggy fur 1, stealthy paws, no
weapons or thrown items, no armour, multi-lived
a: Renounce Religion, Berserk, Trog's Hand


You were on level 2 of the Dungeon.
You worshipped Trog.
Trog was pleased with you.
You visited 1 branch of the dungeon, and saw 2 of its levels.

You collected 62 gold pieces.

Inventory:

Wands
 e - a wand of roots (9)
Scrolls
 f - a scroll of identify {unknown}
Potions
 a - a potion of curing
 b - a potion of lignification {unknown}
 c - a potion of might {unknown}
 d - a potion of enlightenment {unknown}


   Skills:
 + Level 3.5 Fighting
 + Level 5.0 Dodging
 + Level 0.3 Stealth
 + Level 3.8 Unarmed Combat


You had 2 spell levels left.
You didn't know any spells.
Your spell library contained the following spells:

 Spells                   Type           Power      Damage    Failure   Level
 Cigotuvi's Dreadful Rot  Necr/Alch/Air  0%         N/A       50%         2
 Dispel Undead            Necr           0%         3d6       98%         4
 Martyr's Knell           Necr/Summ      0%         N/A       98%         4
 Death Channel            Necr           0%         N/A       100%        6


Dungeon Overview and Level Annotations

Branches:
Dungeon (2/15)

Altars:

Shops:
D:1 (


Innate Abilities, Weirdness & Mutations

You have sharp claws.
You have razor-sharp teeth.
You have supernaturally acute eyesight. (SInv)
You are covered in fur. (AC +1)
Your paws help you pounce on unaware monsters.
You are incapable of wielding weapons or throwing items.
You cannot wear armour.
You gain extra lives every three experience levels.


Message History

Trog accepts your kill. The adder misses you.
You scratch the adder. Your bite misses the adder.
The adder is severely wounded.
An endoplasm comes into view.
The adder bites you.
You are poisoned.
The adder poisons you!
The endoplasm quivers.
You claw the adder!
You kill the adder!
Trog accepts your kill.
You feel sick.
Your Dodging skill increases to level 5!
You scratch the rat.
You kill the rat!
Trog accepts your kill.
You feel sick.
You feel sick.
The ribbon worm expels a string of sticky webbing.
The stream of webbing misses you.
Items here: ) = ††.
You scratch the ribbon worm.
You claw the ribbon worm, but do no damage.
The ribbon worm is lightly wounded.
You feel sick.
You are no longer poisoned.
The ribbon worm bites you!
* * * LOW HITPOINT WARNING * * *
You barely miss the ribbon worm.
The ribbon worm is lightly wounded.
The ribbon worm misses you.
You scratch the ribbon worm.
The ribbon worm is moderately wounded.
The endoplasm freezes you.
You are frozen.
* * * LOW HITPOINT WARNING * * *
A red film seems to cover your vision as you go berserk!
You feel yourself moving faster!
You feel mighty! The ribbon worm bites you.
You die...

...#
##.##..[#...##
#####
#<########)# #.#
###.## #.###
#.....
#...####.....
####............
##....##.###.....
###..#####.#
#..... ##w@.##
#.######## #.J###
#..#######
.......##
##...##...
#...... ###.#....
#...... #......
....... #......
#....?. #......
#...... #......
##...## ##.....


You could see a ribbon worm and an endoplasm.

Vanquished Creatures
  3 adders (D:2)
  2 dart slugs (D:1)
  A ribbon worm (D:2)
  2 giant cockroaches
  4 goblins
  4 jackals (D:2)
  5 kobolds
  4 ball pythons
  2 bats
  2 frilled lizards (D:2)
  3 rats
32 creatures vanquished.

Notes
Turn   | Place    | Note
-------+----------+-------------------------------------------
     0 | D:1      | RustandSilver the Felid Berserker began the quest for the
                  | Orb.
     0 | D:1      | Reached XP level 1. HP: 12/12 MP: 2/2
   123 | D:1      | Found Reavvef's Weapon Emporium.
   297 | D:1      | Reached XP level 2. HP: 16/16 MP: 3/3
   941 | D:2      | Slain by a goblin
   941 | D:2      | Lost a life (0 lives remaining)
  1017 | D:2      | Reached XP level 3. HP: 19/20 MP: 4/4
  1038 | D:2      | Reached ** piety under Trog
  1253 | D:2      | Reached skill level 5 in Dodging
  1258 | D:2      | Slain by a ribbon worm

Illustrated notes

Levels and vault maps discovered:
D:1:      spicycebolla_arrival_clurvy, layout_basic, serial_shops, shop,
          minmay_misc_feat_encased
D:2:      layout_rooms

Skill      XL: |  1  2  3 |
---------------+----------+-----
Dodging        | 5 |  5.0
Fighting       | |  3.5
Stealth        | |  0.3
Unarmed Combat | |  3.8

Action                     || total
---------------------------++-------
  Melee: Unarmed           ||    98
         Bite              ||    10
         Punch             ||     3
 Invoke: Berserk           ||     3
    Use: Potion            ||     3
   Stab: Sleeping          ||     1
 Armour: Skin              ||    44
  Dodge: Dodged            ||   109
